 Dungeon Crawl Stone Soup version 0.25-a0-290-g4a1327ee3a (webtiles) character file.

Game seed: 11655846758969356444, levelgen mode: deterministic

224 Gumption the Vandal (level 6, -10/42 HPs)
             Began as a Halfling Hunter on Dec 14, 2019.
             Mangled by a crocodile (12 damage)
             ... in a sewer.
             The game lasted 00:22:35 (3716 turns).

Gumption the Vandal (Halfling Hunter)               Turns: 3716, Time: 00:22:36

Health: -10/42     AC:  7    Str: 15    XL:     6   Next: 20%
Magic:  6/6        EV: 13    Int:  9    God:
Gold:   170        SH:  0    Dex: 15    Spells: 5/5 levels left

rFire    . . .     SeeInvis .   a - +1 hunting sling
rCold    . . .     Gourm    .   (shield restricted)
rNeg     . . .     Faith    .   q - +0 scale mail
rPois    .         Spirit   .   i - +0 helmet
rElec    .         Reflect  .   (no cloak)
rCorr    .         Harm     .   (no gloves)
MR       .....                  (no boots)
Stlth    ..........             (no amulet)
HPRegen  0.14/turn              (no ring)
MPRegen  0.10/turn              (no ring)

@: no status effects
A: small, mutation resistance 1
a: no special abilities


You were in a sewer.
You were hungry.

You visited 1 branch of the dungeon, and saw 4 of its levels.
You also visited: Sewer.

You collected 170 gold pieces.

Inventory:

Hand Weapons
 a - a +1 hunting sling (weapon)
 b - a +0 short sword
 g - a +0 rapier
Missiles
 c - 19 poisoned darts
 d - 33 sling bullets (quivered)
 l - 32 stones
 p - 2 throwing nets
Armour
 i - a +0 helmet (worn)
 q - a +0 scale mail (worn)
Jewellery
 f - an uncursed ring of magical power {unknown}
 m - a cursed ring of teleportation {unknown}
 n - a +5 amulet of reflection {unknown}
Scrolls
 r - 2 scrolls of random uselessness {unknown}
Potions
 h - a potion of cancellation {unknown}
 j - a potion of brilliance {unknown}
 k - 2 potions of agility
 o - 2 potions of curing
Comestibles
 e - 6 rations


   Skills:
 + Level 3.4 Fighting
 + Level 7.5 Slings
 + Level 4.1 Dodging
 - Level 1.1 Stealth


You had 5 spell levels left.
You didn't know any spells.
Your spell library was empty.

Dungeon Overview and Level Annotations

Branches:
Dungeon (4/15)              Sewer (1/1)
 Temple: D:4-7

Altars:
Ashenzari
Hepliaklqana
Vehumet
Xom

Shops:
D:4 (


Innate Abilities, Weirdness & Mutations

You are small and have problems with some larger weapons.
You are somewhat resistant to further mutation.


Message History

Firing (i - inventory. (/) - cycle)
d - 36 sling bullets (quivered)
Press: ? - help, Shift-Dir - straight line, f/p - crocodile
Aim: a crocodile (lightly wounded)
You shoot a sling bullet.
The sling bullet barely misses the crocodile.
The crocodile bites you!
* * * LOW HITPOINT WARNING * * *
Firing (i - inventory. (/) - cycle)
d - 35 sling bullets (quivered)
Press: ? - help, Shift-Dir - straight line, f/p - crocodile
Aim: a crocodile (lightly wounded)
You shoot a sling bullet.
The sling bullet hits the crocodile but does no damage.
The crocodile is lightly wounded.
Firing (i - inventory. (/) - cycle)
d - 34 sling bullets (quivered)
Press: ? - help, Shift-Dir - straight line, f/p - crocodile
Aim: a crocodile (lightly wounded)
You shoot a sling bullet. The sling bullet hits the crocodile!
The crocodile is heavily wounded.
The crocodile bites you!
You die...

# # # ######## ##
###......### .#
###..≈.....@t# .#
###.≈≈.≈####≈≈..≈#
.###.≈...###
###.≈≈(.#
≈..≈..≈.## #.≈..((
≈###.≈..≈# ....##
.# ###.....#
.≈##≈? .# ###.≈..≈
## ( ## ##.... #
####


You could see a crocodile.

Vanquished Creatures
  A hound (D:4)
  Natasha (D:4)
  A hound zombie (D:4)
  4 adders
  2 river rats (D:4)
  4 worms
  2 leopard geckos
  An orc (D:4)
  7 bats
  3 giant cockroaches
  8 goblins
  6 hobgoblins
  15 jackals
  2 quokkas (D:3)
  A ball python (D:1)
  3 frilled lizards
  10 kobolds
  A quokka skeleton (D:4)
  15 rats
87 creatures vanquished.

Notes
Turn   | Place    | Note
-------+----------+-------------------------------------------
     0 | D:1      | Gumption the Halfling Hunter began the quest for the Orb.
     0 | D:1      | Reached XP level 1. HP: 14/14 MP: 1/1
    77 | D:1      | Reached skill level 6 in Slings
    89 | D:1      | Reached XP level 2. HP: 19/19 MP: 2/2
   583 | D:1      | Reached XP level 3. HP: 24/24 MP: 3/3
  1445 | D:2      | Reached XP level 4. HP: 30/30 MP: 4/4
  1447 | D:2      | Found a radiant altar of Vehumet.
  2205 | D:3      | HP: 1/30 [jackal (1)]
  2502 | D:3      | Found a shattered altar of Ashenzari.
  2550 | D:3      | Reached XP level 5. HP: 32/36 MP: 5/5
  2587 | D:3      | Found a hazy altar of Hepliaklqana.
  2630 | D:3      | Found a faded altar of an unknown god.
  2668 | D:3      | Found a shimmering altar of Xom.
  2919 | D:3      | Reached skill level 7 in Slings
  3020 | D:4      | Noticed Natasha
  3036 | D:4      | Killed Natasha
  3230 | D:4      | Found Huitar's Antique Weapon Shop.
  3383 | D:4      | Reached XP level 6. HP: 38/42 MP: 6/6
  3513 | D:4      | Found a glowing drain.
  3522 | Sewer    | Entered a sewer
  3714 | Sewer    | HP: 2/42 [crocodile (13)]
  3716 | Sewer    | Mangled by a crocodile

Levels and vault maps discovered:
D:1:      minmay_arrival_glassed_features, layout_basic
D:2:      layout_loops_corners, overflow_temple_1_default, minmay_pentomino_w2
D:3:      layout_basic, nicolae_overflow_crystal_walls,
          ashenzari_conservatory_becter, xom_teletrap_fun,
          chequers_ecumenical_altar_island, minivault_23, minmay_misc_feat_rows
D:4:      layout_basic, serial_shops, nicolae_shop_overgrown_old_shop,
          portal_sewer_entry_e, grunt_decor_one_mirror, uniq_natasha
Sewer:    sewer_the_crocodile

Skill      XL: |  1  2  3  4  5 |
---------------+----------------+-----
Slings         | 6 7 |  7.5
Fighting       | 2 3 |  3.4
Dodging        | 3 4 |  4.1
Stealth        | |  1.1

Action                   |  1- 3 |  4- 6 || total
-------------------------+-------+-------++-------
Melee: Short sword       |    86 |    88 ||   174
 Fire: Hunting sling     |    22 |   193 ||   215
  Use: Scroll            |       |     5 ||     5
       Potion            |       |     1 ||     1
 Stab: Sleeping          |     1 |     1 ||     2
  Eat: Chunk             |     2 |     6 ||     8
Armor: Leather armour    |    30 |    31 ||    61
       Scale mail        |       |    22 ||    22
Dodge: Dodged            |    92 |   198 ||   290

Table legend:
 A = Non-vault XP
 B = Vault XP
 C = Vault XP percentage of total XP
 D = Non-vault monster count
 E = Vault monster count
 F = Vault count percentage of total count
                 A         B        C        D         E       F
            +---------+---------+-------+---------+---------+-------
      Total |     240 |      80 |  25.0 |      73 |      14 |  16.1
            +---------+---------+-------+---------+---------+-------
        D:1 |      36 |       0 |   0.0 |      23 |       0 |   0.0
        D:2 |      59 |       0 |   0.0 |      24 |       0 |   0.0
        D:3 |      66 |       0 |   0.0 |      18 |       0 |   0.0
        D:4 |      79 |      72 |  47.7 |       8 |       9 |  52.9
      Sewer |       0 |       8 | 100.0 |       0 |       5 | 100.0
            +---------+---------+-------+---------+---------+-------
